 Dungeon Crawl Stone Soup version 0.27-a0-1193-g8631133539 (console) character file.

Game seed: 6369096655012635028

8 jejorda2 the Slasher (level 2, 0/24 HPs)
             Began as a Merfolk Berserker on May 26, 2021.
             Was a Follower of Trog.
             Slain by a kobold
             ... wielding a +2 dagger of venom
              (5 damage)
             ... on level 2 of the Dungeon.
             The game lasted 00:01:49 (959 turns).

jejorda2 the Slasher (Merfolk Berserker)             Turns: 959, Time: 00:01:49

Health: 0/24       AC:  2    Str: 17    XL:     2   Next: 8%
Magic:  2/2        EV: 16    Int:  6    God:    Trog [*.....]
Gold:   34         SH:  0    Dex: 13    Spells: 1/1 levels left

rFire    . . .     SeeInvis .   a - +0 falchion
rCold    . . .     Faith    .   (no shield)
rNeg     . . .     Spirit   .   b - +0 animal skin
rPois    .         Reflect  .   (no helmet)
rElec    .         Harm     .   (no cloak)
rCorr    .         Rampage  .   (no gloves)
Will     .....                  (no boots)
Stlth    +.........             (no amulet)
HPRegen  0.08/turn              e - +4 ring of evasion
MPRegen  0.08/turn              (no ring)

@: lethally poisoned (0 -> -12)
A: (nimble swimmer 2), mertail
a: Renounce Religion, Berserk


You were on level 2 of the Dungeon.
You worshipped Trog.
Trog was aware of your devotion.
You visited 1 branch of the dungeon, and saw 2 of its levels.

You collected 34 gold pieces.

Inventory:

Hand Weapons
 a - a +0 falchion (weapon)
Missiles
 c - 25 poisoned darts (quivered)
Armour
 b - a +0 animal skin (worn)
Jewellery
 e - a +4 ring of evasion (left hand)
Scrolls
 d - a scroll of torment {unknown}
Potions
 f - 2 potions of resistance {unknown}
 g - a potion of mutation {unknown}


   Skills:
 + Level 3.4 Fighting
 * Level 3.6 Long Blades
 + Level 1.5 Armour
 - Level 2.6 Dodging


You had one spell level left.
You didn't know any spells.
Your spell library was empty.

Dungeon Overview and Level Annotations

Branches:
Dungeon (2/15)

Altars:


Innate Abilities, Weirdness & Mutations

((You are quick and stealthy near water. (Stealth+, EV+, Speed+++)))
Your lower body shifts to a powerful aquatic tail in water.


Message History

You throw a poisoned dart.
The poisoned dart barely misses the kobold.
A giant cockroach comes into view.
You throw a poisoned dart. The poisoned dart hits the kobold.
The kobold is poisoned.
A rat comes into view.
You hit the kobold but do no damage. The kobold closely misses you.
You riposte.
You barely miss the kobold. You barely miss the kobold. The kobold misses you.
You riposte.
You hit the kobold.
The kobold is heavily wounded.
You closely miss the kobold.
The kobold is heavily wounded.
The kobold looks more healthy.
The kobold hits you with a +2 dagger of venom.
You are poisoned.
You closely miss the kobold.
The kobold is heavily wounded.
You feel very sick.
The kobold hits you with a +2 dagger of venom.
You are more poisoned.
You closely miss the kobold.
The kobold is heavily wounded.
You feel very sick. The kobold misses you.
You are too injured to fight recklessly!
You are too injured to fight recklessly!
You are too injured to fight recklessly!
You are too injured to fight recklessly!
You hit the kobold but do no damage.
The kobold is heavily wounded.
You feel very sick.
The kobold hits you with a +2 dagger of venom.
You are more poisoned.
You hit the kobold but do no damage.
The kobold is heavily wounded.
* * * LOW HITPOINT WARNING * * *
You feel very sick.
The kobold hits you with a +2 dagger of venom.
You die... .##.. ... .### .....##.##...# ... #.......#....# ... ...>.........# (. #..........# .( #....<.....# ###. #......#....# #Br

.....#####...#
#K# #..#
#<..###@# ..
###.##..# #
#....##
#..PPPPP...#
#P.P.......#
.#..≈P.......
#..⌠⌠⌠.P.##.#
#........# .#
#...P...P# .


You could see a giant cockroach, a kobold and a rat.

Vanquished Creatures
  2 goblins (D:1)
  2 kobolds (D:1)
  2 frilled lizards (D:1)
  3 rats (D:1)
9 creatures vanquished.

Notes
Turn   | Place    | Note
-------+----------+-------------------------------------------
     0 | D:1      | jejorda2 the Merfolk Berserker began the quest for the Orb.
     0 | D:1      | Reached XP level 1. HP: 18/18 MP: 1/1
   249 | D:1      | Reached XP level 2. HP: 24/24 MP: 2/2
   959 | D:2      | Slain by a kobold

Illustrated notes

Levels and vault maps discovered:
D:1:      ncdulo_halloftheorcs, layout_basic, patterned_corridor
D:2:      layout_rooms, shapermc_ecumenical_altar_mp_ritualfount,
          minmay_tetromino_t4

Action                   || total
-------------------------++-------
Melee: Falchion          ||    24
Throw: Dart              ||     5
Armor: Animal skin       ||     5
Dodge: Dodged            ||     8
       Rpst.: Falchion   ||     4

Table legend: (Time is in decaauts)
 A = Elapsed time spent in this place.
 B = Non-inter-level travel time spent in this place.
 C = Inter-level travel time spent in this place.
 D = Time resting spent in this place.
 E = Time spent auto-exploring this place.
 F = Levels seen in this place.
 G = Mean time per level.
                   A        B        C        D        E       F      G
               +--------+--------+--------+--------+--------+-----+--------+
         Total |    962 |    898 |     64 |      0 |    807 |   2 |  481.0 |
       Dungeon |    962 |    898 |     64 |      0 |    807 |   2 |  481.0 |
               +--------+--------+--------+--------+--------+-----+--------+

Top non-repeatable levels by time:
     D:1: 942 daAuts
     D:2: 20 daAuts
